 Dungeon Crawl Stone Soup version 0.31-a0-204-g7da18cac08 (webtiles) character file.

Game seed: 6992119898584431699

23 qw the Shooter (level 2, -1/16 HPs)
             Began as a Deep Elf Hunter on June 27, 2023.
             Killed by nerve-wracking pain
             ... invoked by Jessica
              (9 damage)
             ... on level 2 of the Dungeon.
             The game lasted 00:00:12 (1045 turns).

qw the Shooter (Deep Elf Hunter)                    Turns: 1045, Time: 00:00:13

Health: -1/16      AC:  4    Str:  8    XL:     2   Next: 72%
Magic:  4/4        EV: 12    Int: 13    God:
Gold:   29         SH:  0    Dex: 18    Spells: 1/1 levels left

rFire   . . .        Y - +0 shortbow
rCold   . . .        (shield currently unavailable)
rNeg    . . .        c - +0 leather armour
rPois   .            (no helmet)
rElec   .            (no cloak)
rCorr   .            e - +0 pair of gloves
SInv    .            (no boots)
Will    .....        (no amulet)
Stlth   ++           (no ring)
HPRegen 0.22/turn    (no ring)
MPRegen 0.09/turn

%: no passive effects
@: no status effects
A: no striking features
a: no special abilities


You were on level 2 of the Dungeon.
You visited 1 branch of the dungeon, and saw 2 of its levels.

You collected 29 gold pieces.


   Skills:
 - Level 1.5 Fighting
 + Level 6.4 Ranged Weapons
 - Level 2.4 Dodging
 - Level 1.2 Stealth


You had one spell level left.
You didn't know any spells.
Your spell library was empty.

Inventory:

Hand Weapons
 Y - a +0 shortbow (weapon)
Armour
 c - a +0 leather armour (worn)
 e - a +0 pair of gloves (worn)
Potions
 a - a potion of heal wounds {unknown}
 f - a potion of enlightenment {unknown}

Dungeon Overview and Level Annotations

Branches:
Dungeon (2/15)

Altars:

Annotations:
D:2 Jessica


Message History

You shoot an arrow. The arrow hits Jessica!
Jessica is severely wounded.
You shoot an arrow.
The arrow hits Jessica but does no damage.
Jessica is severely wounded.
Jessica hits you but does no damage.
You shoot an arrow.
The arrow hits Jessica but does no damage.
Jessica is severely wounded.
Jessica hits you with a +0 dagger of protection.
You shoot an arrow. The arrow barely misses Jessica.
Jessica gestures wildly while chanting.
Jessica seems to speed up.
You shoot an arrow.
The arrow hits Jessica but does no damage.
Jessica is severely wounded.
Jessica gestures wildly while chanting.
Jessica blinks!
You shoot an arrow.
The arrow hits Jessica but does no damage.
Jessica is severely wounded.
You shoot an arrow. The arrow closely misses Jessica.
Jessica hits you with a +0 dagger of protection.
You shoot an arrow. The arrow barely misses Jessica.
Jessica barely misses you. Jessica misses you.
You shoot an arrow.
The arrow hits Jessica but does no damage.
Jessica is severely wounded.
Jessica barely misses you.
Jessica looks very angry.
Jessica closely misses you.
You shoot an arrow. The arrow hits Jessica.
Jessica is almost dead.
Jessica completely misses you.
You shoot an arrow. The arrow closely misses Jessica.
Jessica hits you with a +0 dagger of protection.
Jessica gestures at you while chanting. Pain shoots through your body!
Ouch! That really hurt!
You die...

#.# ######### #.#
#.......# #.#
#.......# #.#
####.......# #.#
...........# #.#
...........####.#
.......@...'....#
######
.......@...######
#.....
.......#####
#.#### .......
#.# ....... #.#
####### ###.#
#.#.# #.#.####
#.#..... #.#####.


You could see Jessica (fast).

Vanquished Creatures
  A dart slug (D:1)
  2 bats (D:1)
  An endoplasm (D:1)
  2 goblins (D:1)
  4 hobgoblins
  A kobold (D:2)
  A quokka (D:1)
  2 ball pythons (D:1)
  2 frilled lizards (D:1)
  4 rats
20 creatures vanquished.

Notes
Turn   | Place    | Note
-------+----------+-------------------------------------------
     0 | D:1      | qw the Deep Elf Hunter began the quest for the Orb.
     0 | D:1      | Reached XP level 1. HP: 12/12 MP: 3/3
     0 | D:1      | 0 ||| qw: Version: 0.3-a-22-g0ed2b0b
     0 | D:1      | 0 ||| qw: Game counter: 6461
     0 | D:1      | 0 ||| qw: Melee chars always use a shield: true
     0 | D:1      | 0 ||| qw: God list: Okawaru
     0 | D:1      | 0 ||| qw: Allow faded altars: false
     0 | D:1      | 0 ||| qw: Do Orc after clearing Dungeon:15 true
     0 | D:1      | 0 ||| qw: Do second Lair branch before Depths: true
     0 | D:1      | 0 ||| qw: Lair rune preference: random
     0 | D:1      | 0 ||| qw: Goals: Normal
     0 | D:1      | 0 ||| PLANNING D:1-11
   174 | D:1      | Reached XP level 2. HP: 16/16 MP: 4/4
   180 | D:1      | Reached skill level 6 in Ranged Weapons
   818 | D:1      | 818 ||| UPGRADING to +0 pair of gloves.
   823 | D:1      | 823 ||| READING scroll labelled ESTYTWINKU.
   824 | D:1      | 824 ||| DROPPING scroll of butterflies.
  1033 | D:2      | Noticed Jessica
  1045 | D:2      | Killed from afar by Jessica

Levels and vault maps discovered:
D:1:      wheals_arrival_linesprint, layout_basic, serial_aquarium,
          aquarium_bridge_long_separate [aquarium_subvault_bridge,
          aquarium_subvault_balcony, aquarium_subvault_balcony,
          aquarium_subvault_window, aquarium_subvault_bridge,
          aquarium_subvault_bridge], aquarium_bridge_square
          [aquarium_subvault_wall, aquarium_subvault_bridge,
          aquarium_subvault_bridge, aquarium_subvault_bridge],
          aquarium_window_corner, aquarium_window_fake,
          aquarium_window_corridor_2, aquarium_window_2, aquarium_view_2e,
          aquarium_balcony_double_1, aquarium_pool_side
D:2:      layout_basic, basic_altar, uniq_crazy_yiuf_cottage, uniq_jessica,
          uniq_robin

Skill      XL: |  1  2 |
---------------+-------+-----
Ranged Weapons | 6 |  6.4
Fighting       | |  1.5
Dodging        | |  2.4
Stealth        | |  1.2

Action                     || total
---------------------------++-------
   Fire: Shortbow          ||    46
    Use: Scroll            ||     1
 Armour: Leather armour    ||     3
  Dodge: Dodged            ||     6

Table legend:
 A = Non-vault XP
 B = Vault XP
 C = Vault XP percentage of total XP
 D = Non-vault monster count
 E = Vault monster count
 F = Vault count percentage of total count
                 A         B        C        D         E       F
            +---------+---------+-------+---------+---------+-------
      Total |      33 |       0 |   0.0 |      20 |       0 |   0.0
            +---------+---------+-------+---------+---------+-------
        D:1 |      28 |       0 |   0.0 |      17 |       0 |   0.0
        D:2 |       5 |       0 |   0.0 |       3 |       0 |   0.0
            +---------+---------+-------+---------+---------+-------
